 Dungeon Crawl Stone Soup version 0.27-a0-909-g0721f309d1 (webtiles) character file.

Game seed: 11801317669970892018

21 wakim the Insei (level 2, -3/18 HPs)
             Began as an Octopode Transmuter on Apr 8, 2021.
             Was a Follower of Jiyva.
             Slain by a gnoll
             ... wielding a +0 spear
              (9 damage)
             ... on level 3 of the Dungeon.
             The game lasted 00:02:43 (1045 turns).

wakim the Insei (Octopode Transmuter)               Turns: 1045, Time: 00:02:44

Health: -3/18      AC:  1    Str:  9    XL:     2   Next: 87%
Magic:  4/5        EV: 13    Int: 15    God:    Jiyva [*.....]
Gold:   12         SH:  0    Dex: 12    Spells: 4/5 levels left

rFire    . . .     SeeInvis .     - Unarmed
rCold    . . .     Faith    .   (no shield)
rNeg     . . .     Spirit   .   (helmet currently unavailable)
rPois    .         Reflect  .   (no amulet)
rElec    .         Harm     .   (no ring)
rCorr    .         Rampage  .   (no ring)
Will     .....                  (no ring)
Stlth    +++.......             (no ring)
HPRegen  0.06/turn              (no ring)
MPRegen  0.09/turn              (no ring)
                                (no ring)
                                (no ring)

@: appendages
A: tentacle spike 3, almost no armour, amphibious, 8 rings, camouflage 1,
gelatinous body 1, (nimble swimmer 1), tentacles
a: End Transformation, Renounce Religion, Request Jelly


You were on level 3 of the Dungeon.
You worshipped Jiyva.
Jiyva was aware of your devotion.
One of your tentacles had grown a beastly spike.
You visited 1 branch of the dungeon, and saw 3 of its levels.

You collected 12 gold pieces.

Inventory:

Missiles
 e - 2 javelins
Scrolls
 c - a scroll of identify {unknown}
Potions
 a - a potion of haste {unknown}
 b - a potion of curing {unknown}


   Skills:
 - Level 1.0 Fighting
 * Level 2.5 Dodging
 + Level 1.3 Stealth
 * Level 3.4 Unarmed Combat
 - Level 2.0 Spellcasting
 - Level 2.0 Transmutations


You had 4 spell levels left.
You knew the following spells:

 Your Spells              Type           Power      Damage    Failure   Level
a - Beastly Appendage     Tmut           14%        N/A       10%         1

Your spell library contained the following spells:

 Spells                   Type           Power      Damage    Failure   Level
 Wereblood                Tmut           7%         N/A       14%         2
 Spider Form              Tmut/Pois      2%         N/A       41%         3
 Ice Form                 Ice/Tmut       4%         N/A       82%         4
 Hydra Form               Tmut           3%         N/A       95%         5


Dungeon Overview and Level Annotations

Branches:
Dungeon (2/15)

Altars:
Yredelemnul
Jiyva


Innate Abilities, Weirdness & Mutations

One of your tentacles has grown a beastly spike.
You cannot wear most types of armour.
You are amphibious.
You can wear up to eight rings at the same time.
Your skin changes colour to match your surroundings (Stealth+).
Your rubbery body absorbs attacks. (AC +1, EV +1)
((You are camouflaged near water. (Stealth+)))
You have tentacles for arms and can constrict up to eight enemies at once.


Message History

The bat barely misses you.
You tentacle-slap the bat. You grab the bat.
You pierce the bat.
You kill the bat!
You hear a distant slurping noise.
Your transformation is almost over.
Magic restored.
Found a dagger.
Your tentacle spike disappears.
You hear a distant slurping noise.
You hear a distant slurping noise.
You see here a +0 dagger.
You hear a distant slurping noise.
A gnoll comes into view. It is wielding a +0 spear.
The gnoll shouts!
c - a scroll labelled ZYCRAI QUSAKH
There are no items here.
Okay, then.
You hear a distant slurping noise.
A gnoll comes into view. It is wielding a +0 whip.
Casting: Beastly Appendage (safe; 10% risk of failure)
Confirm with . or Enter, or press ? or * to list all spells.
One of your tentacles grows a vicious spike.
The gnoll shouts!
You hear a shout!
You hear a distant slurping noise.
Unknown command.
The gnoll hits you with a +0 spear.
You tentacle-slap the gnoll. You grab the gnoll.
The gnoll is lightly wounded.
You constrict the gnoll, but do no damage.
The gnoll misses you.
You tentacle-slap the gnoll.
The gnoll is moderately wounded.
You constrict the gnoll. The gnoll hits you with a +0 spear!
* * * LOW HITPOINT WARNING * * *
You tentacle-slap the gnoll but do no damage.
You squeeze the gnoll, but do no damage.
The gnoll is moderately wounded.
You constrict the gnoll. The gnoll hits you with a +0 spear!
Ouch! That really hurt!
You die...

######## ♣♣ #.g@...#
♣♣.. #.####g# ♣...
#.# #.# #... #.#
....
###+..+#######.#.#
..#
.......##).......#
g.#
#..#.##.####.......#
#.......# ####.....
##......# .##.#


You could see 2 gnolls.

Vanquished Creatures
  An endoplasm (D:1)
  A giant cockroach (D:1)
  A goblin (D:1)
  2 hobgoblins (D:2)
  2 quokkas (D:1)
  4 ball pythons
  5 bats
  2 frilled lizards (D:1)
  A kobold (D:2)
  2 rats
21 creatures vanquished.

Vanquished Creatures (others)
  A worm (D:2)
  A jackal (D:3)
  A bat (D:3)
  A rat (D:2)
4 creatures vanquished.

Grand Total: 25 creatures vanquished

Notes
Turn   | Place    | Note
-------+----------+-------------------------------------------
     0 | D:1      | wakim the Octopode Transmuter began the quest for the Orb.
     0 | D:1      | Reached XP level 1. HP: 13/13 MP: 3/3
   173 | D:1      | Reached XP level 2. HP: 15/18 MP: 3/5
   182 | D:1      | Reached skill level 1 in Stealth
   478 | D:1      | Found a faded altar of an unknown god.
   500 | D:1      | Became a worshipper of Jiyva Jekihisi the Shapeless
   500 | D:1      | Reached * piety under Jiyva
   889 | D:2      | Found a basalt altar of Yredelemnul.
   993 | D:2      | You fall into a shaft and drop 1 floor!
  1045 | D:3      | Slain by a gnoll

Illustrated notes

Levels and vault maps discovered:
D:1:      lightli_arrival_quake, layout_rooms, basic_ecumenical_altar,
          minmay_pentomino_w2
D:2:      layout_basic, basic_altar, uniq_jessica
D:3:      wander_river, layout_loops_cross, kennysheep_generic_room_3,
          uniq_crazy_yiuf_cottage

Skill      XL: |  1  2 |
---------------+-------+-----
Stealth        | 1 |  1.3
Fighting       | |  1.0
Dodging        | |  2.5
Unarmed Combat | |  3.4
Spellcasting   | |  2.0
Transmutations | |  2.0

Action                   || total
-------------------------++-------
Melee: Unarmed           ||    57
       Constrict         ||    13
       Kick              ||     6
       Tentacles         ||     4
 Cast: Beastly Appendage ||    12
  Use: Scroll            ||     2
 Stab: Sleeping          ||     3
Armor: Skin              ||    12
Dodge: Dodged            ||    41

Table legend: (Time is in decaauts)
 A = Elapsed time spent in this place.
 B = Non-inter-level travel time spent in this place.
 C = Inter-level travel time spent in this place.
 D = Time resting spent in this place.
 E = Time spent auto-exploring this place.
 F = Levels seen in this place.
 G = Mean time per level.
                   A        B        C        D        E       F      G
               +--------+--------+--------+--------+--------+-----+--------+
         Total |   1040 |   1024 |     16 |      0 |    827 |   3 |  346.7 |
       Dungeon |   1040 |   1024 |     16 |      0 |    827 |   3 |  346.7 |
               +--------+--------+--------+--------+--------+-----+--------+

Top non-repeatable levels by time:
     D:1: 744 daAuts
     D:2: 244 daAuts
     D:3: 51 daAuts
